General information
- name: BNet
- type: Ladder team game (AT/RT)
- host: Battle.net
- saver: teamthree
map: DragonFalls
- players: 8
- length: 41:24
- speed: Fast
- version: 1.28 W3XP
- replay type: Public
» download(253 KB)
Players
team 1 (winner)

»
Suikoden_2 (
purple | 41 APM | 722 actions | 17:45)
3 Mountain King
2 Storm Bolt
1 Bash
» actions
| Assign group hotkey | 9 | |
| Build / train | 36 | |
| ESC pressed | 1 | |
| Enter build submenu | 23 | |
| Enter hero's abilities submenu | 3 | |
| Remove unit from queue | 1 | |
| Right click | 306 | |
| Select / deselect | 165 | |
| Select group hotkey | 140 | |
| Use ability | 38 | |
722 total
» units
| Peasant | 13 | |
| Footman | 5 | |
| Siege Engine | 3 | |
21 total
» upgrades
» buildings
| Farm | 8 | |
| Barracks | 2 | |
| Altar of Kings | 2 | |
| Arcane Vault | 1 | |
| Keep | 2 | |
| Lumber Mill | 2 | |
| Town Hall | 1 | |
| Scout Tower | 6 | |
| Blacksmith | 1 | |
| Castle | 1 | |
| Workshop | 3 | |
| Guard Tower | 2 | |
31 total
» build order
00:08 Farm
00:26 Barracks
00:39 Altar of Kings
00:48 Farm
01:47 Farm
02:33 Farm
03:12 Arcane Vault
03:42 Keep
03:53 Lumber Mill
04:49 Town Hall
04:53 Scout Tower
04:54 Scout Tower
04:56 Scout Tower
04:57 Scout Tower
05:07 Lumber Mill
05:13 Blacksmith
06:08 Castle
06:29 Workshop
06:54 Workshop
07:08 Farm
07:36 Workshop
08:10 Farm
08:11 Farm
09:38 Farm
09:52 Guard Tower
10:54 Keep
11:30 Guard Tower
11:51 Scout Tower
11:56 Barracks
12:01 Altar of Kings
12:08 Scout Tower
» items
| Scroll of Regeneration | 2 | |
| Lesser Clarity Potion | 1 | |
| Boots of Speed | 1 | |
| Orb of Fire | 1 | |
5 total

»
bmanguru (
pink | 72 APM | 1258 actions | 17:32)
4 Archmage
2 Summon Water Elemental
2 Brilliance Aura
3 Mountain King
2 Storm Bolt
1 Bash
» actions
| Assign group hotkey | 31 | |
| Basic commands | 67 | |
| Build / train | 56 | |
| Enter build submenu | 15 | |
| Enter hero's abilities submenu | 7 | |
| Give item / drop item | 1 | |
| Right click | 407 | |
| Select / deselect | 242 | |
| Select group hotkey | 374 | |
| Use ability | 58 | |
1258 total
» units
| Peasant | 8 | |
| Rifleman | 8 | |
| Priest | 2 | |
| Sorceress | 2 | |
20 total
» upgrades
| Gunpowder | 3 | |
| Armor | 2 | |
| Long Rifles | 1 | |
| Lumber Harvesting | 1 | |
| Sorceress Training | 2 | |
| Priest Training | 2 | |
11 total
» buildings
| Altar of Kings | 1 | |
| Farm | 7 | |
| Lumber Mill | 1 | |
| Barracks | 1 | |
| Arcane Vault | 1 | |
| Blacksmith | 1 | |
| Keep | 1 | |
| Castle | 1 | |
| Arcane Sanctum | 1 | |
| Scout Tower | 3 | |
| Guard Tower | 4 | |
22 total
» build order
00:21 Altar of Kings
00:26 Farm
00:53 Lumber Mill
01:00 Barracks
01:28 Arcane Vault
02:13 Blacksmith
02:18 Farm
02:51 Farm
03:36 Keep
05:14 Farm
05:15 Farm
05:16 Farm
05:16 Farm
06:01 Castle
07:03 Arcane Sanctum
11:52 Scout Tower
11:53 Scout Tower
11:55 Scout Tower
12:18 Guard Tower
12:33 Guard Tower
13:08 Guard Tower
16:08 Guard Tower
» items
| Lesser Clarity Potion | 2 | |
| Scroll of Regeneration | 2 | |
| Scroll of Town Portal | 1 | |
| Staff of Sanctuary | 1 | |
| Ivory Tower | 4 | |
10 total
teamthree (
blue | 67 APM | 2779 actions | 41:24)
6 Archmage
2 Summon Water Elemental
3 Brilliance Aura
1 Blizzard
1 Mountain King
1 Bash
» actions
| Assign group hotkey | 87 | |
| Basic commands | 10 | |
| Build / train | 255 | |
| Enter build submenu | 68 | |
| Enter hero's abilities submenu | 6 | |
| Give item / drop item | 3 | |
| Right click | 967 | |
| Select / deselect | 472 | |
| Select group hotkey | 711 | |
| Use ability | 200 | |
2779 total
» units
| Peasant | 13 | |
| Footman | 8 | |
| Goblin Zeppelin | 1 | |
| Goblin Shredder | 4 | |
| Rifleman | 4 | |
| Dragonhawk Rider | 1 | |
| Gryphon Rider | 2 | |
33 total
» upgrades
| Masonry | 3 | |
| Swords | 3 | |
| Long Rifles | 1 | |
| Armor | 3 | |
| Storm Hammers | 1 | |
| Animal War Training | 1 | |
| Cloud | 1 | |
| Lumber Harvesting | 2 | |
| Plating | 3 | |
| Gunpowder | 3 | |
| Unholy Strength | 1 | |
| Unholy Armor | 1 | |
| Sorceress Training | 2 | |
| Priest Training | 2 | |
| Control Magic | 1 | |
| Barrage | 1 | |
| Fragmentation Shards | 1 | |
| Flak Cannons | 1 | |
| Flying Machine Bombs | 1 | |
| Magic Sentry | 1 | |
| Flare | 1 | |
| Defend | 1 | |
| Backpack | 1 | |
36 total
» buildings
| Altar of Kings | 1 | |
| Barracks | 3 | |
| Farm | 16 | |
| Lumber Mill | 1 | |
| Arcane Vault | 1 | |
| Town Hall | 3 | |
| Keep | 4 | |
| Blacksmith | 1 | |
| Castle | 5 | |
| Gryphon Aviary | 2 | |
| Scout Tower | 44 | |
| Guard Tower | 100 | |
| Arcane Sanctum | 3 | |
| Workshop | 4 | |
188 total
» build order
00:54 Altar of Kings
00:56 Barracks
00:58 Farm
01:05 Farm
01:11 Farm
01:45 Lumber Mill
02:02 Arcane Vault
02:49 Farm
03:50 Town Hall
05:08 Keep
05:09 Keep
05:09 Keep
05:25 Blacksmith
06:36 Farm
07:30 Castle
07:40 Gryphon Aviary
07:42 Gryphon Aviary
08:08 Farm
08:11 Scout Tower
08:16 Scout Tower
08:28 Scout Tower
08:30 Scout Tower
08:32 Scout Tower
09:58 Guard Tower
09:59 Guard Tower
09:59 Guard Tower
11:30 Scout Tower
11:32 Scout Tower
11:33 Scout Tower
11:37 Scout Tower
11:38 Scout Tower
11:40 Scout Tower
11:41 Scout Tower
11:42 Scout Tower
11:43 Scout Tower
12:02 Guard Tower
12:03 Guard Tower
12:04 Guard Tower
12:05 Guard Tower
12:05 Guard Tower
12:19 Guard Tower
12:19 Guard Tower
12:19 Guard Tower
12:19 Guard Tower
14:15 Guard Tower
14:15 Guard Tower
14:15 Guard Tower
14:15 Guard Tower
15:33 Town Hall
15:35 Scout Tower
15:36 Scout Tower
15:37 Scout Tower
15:39 Scout Tower
15:54 Scout Tower
15:55 Scout Tower
15:55 Scout Tower
15:57 Scout Tower
15:58 Scout Tower
15:59 Scout Tower
15:59 Scout Tower
15:59 Scout Tower
16:00 Scout Tower
16:01 Scout Tower
16:02 Scout Tower
16:03 Scout Tower
16:06 Scout Tower
16:10 Guard Tower
16:10 Guard Tower
16:10 Guard Tower
16:21 Farm
16:39 Guard Tower
16:40 Guard Tower
16:40 Guard Tower
16:40 Guard Tower
17:02 Guard Tower
17:02 Guard Tower
17:02 Guard Tower
17:03 Guard Tower
17:37 Guard Tower
17:38 Guard Tower
17:38 Guard Tower
17:38 Guard Tower
19:12 Scout Tower
19:13 Scout Tower
19:15 Scout Tower
19:16 Scout Tower
19:32 Scout Tower
19:49 Guard Tower
19:49 Guard Tower
23:38 Guard Tower
23:38 Guard Tower
23:45 Guard Tower
23:45 Guard Tower
23:45 Guard Tower
23:45 Guard Tower
25:01 Guard Tower
25:01 Guard Tower
25:14 Guard Tower
25:14 Guard Tower
25:16 Scout Tower
25:45 Guard Tower
25:45 Guard Tower
25:45 Guard Tower
25:46 Guard Tower
25:48 Guard Tower
25:48 Guard Tower
25:48 Guard Tower
26:09 Guard Tower
26:09 Guard Tower
26:09 Guard Tower
26:09 Guard Tower
26:12 Guard Tower
26:13 Guard Tower
26:13 Guard Tower
26:35 Guard Tower
26:35 Guard Tower
26:35 Guard Tower
27:10 Guard Tower
27:10 Guard Tower
28:03 Scout Tower
28:04 Scout Tower
30:14 Guard Tower
30:14 Guard Tower
32:50 Arcane Sanctum
32:52 Arcane Sanctum
32:53 Arcane Sanctum
33:10 Workshop
33:13 Workshop
33:15 Workshop
33:16 Workshop
33:23 Barracks
33:26 Barracks
34:37 Farm
34:37 Farm
34:38 Farm
34:39 Farm
34:44 Farm
34:48 Farm
34:49 Farm
34:51 Farm
34:53 Farm
36:04 Scout Tower
36:05 Scout Tower
36:09 Scout Tower
36:11 Scout Tower
36:15 Scout Tower
36:29 Town Hall
36:40 Guard Tower
36:40 Guard Tower
36:40 Guard Tower
36:41 Guard Tower
36:46 Guard Tower
36:46 Guard Tower
37:07 Guard Tower
37:08 Guard Tower
37:08 Guard Tower
» items
| Scroll of Regeneration | 5 | |
| Mechanical Critter | 4 | |
| Staff of Sanctuary | 1 | |
| Tome of Retraining | 1 | |
| Potion of Invisibility | 1 | |
| Staff of Teleportation | 1 | |
| Scroll of Town Portal | 2 | |
| Ivory Tower | 13 | |
28 total

»
sendit (
yellow | 113 APM | 3292 actions | 29:06)
6 Dreadlord
2 Sleep
3 Vampiric Aura
1 Inferno
5 Death Knight
3 Death Coil
2 Unholy Aura
» actions
| Assign group hotkey | 406 | |
| Basic commands | 266 | |
| Build / train | 115 | |
| ESC pressed | 3 | |
| Enter build submenu | 35 | |
| Enter hero's abilities submenu | 11 | |
| Give item / drop item | 1 | |
| Remove unit from queue | 1 | |
| Right click | 1043 | |
| Select / deselect | 728 | |
| Select group hotkey | 547 | |
| Use ability | 135 | |
3292 total
» units
| Acolyte | 19 | |
| Ghoul | 22 | |
| Obsidian Statue | 3 | |
| Crypt Fiend | 6 | |
| Peasant | 4 | |
54 total
» upgrades
| Web | 1 | |
| Creature Attack | 2 | |
| Creature Carapace | 2 | |
5 total
» buildings
| Crypt | 3 | |
| Ziggurat | 21 | |
| Altar of Darkness | 2 | |
| Tomb of Relics | 1 | |
| Necropolis | 4 | |
| Graveyard | 2 | |
| Nerubian Tower | 5 | |
| Halls of the Dead | 3 | |
| Slaughterhouse | 1 | |
| Spirit Tower | 4 | |
| Altar of Kings | 1 | |
| Workshop | 2 | |
49 total
» build order
00:11 Crypt
00:16 Ziggurat
00:25 Altar of Darkness
00:29 Altar of Darkness
01:02 Tomb of Relics
01:28 Ziggurat
04:07 Necropolis
04:40 Graveyard
05:25 Nerubian Tower
05:26 Halls of the Dead
05:27 Halls of the Dead
07:00 Ziggurat
08:00 Nerubian Tower
08:00 Nerubian Tower
08:01 Ziggurat
09:31 Necropolis
09:39 Slaughterhouse
10:03 Crypt
10:14 Spirit Tower
10:15 Spirit Tower
12:37 Ziggurat
12:38 Ziggurat
13:30 Ziggurat
14:58 Crypt
16:08 Ziggurat
16:09 Ziggurat
16:09 Ziggurat
16:09 Ziggurat
16:09 Ziggurat
16:52 Necropolis
16:55 Ziggurat
16:55 Ziggurat
18:50 Graveyard
21:41 Halls of the Dead
21:56 Nerubian Tower
21:59 Spirit Tower
24:04 Ziggurat
24:05 Ziggurat
24:05 Ziggurat
24:05 Ziggurat
24:06 Ziggurat
24:06 Ziggurat
25:56 Necropolis
26:00 Spirit Tower
27:26 Altar of Kings
27:47 Ziggurat
27:58 Workshop
28:00 Workshop
» items
| Rod of Necromancy | 4 | |
| Sacrificial Skull | 1 | |
| Scroll of Town Portal | 2 | |
7 total
team 2 (loser)

»
champagnepapi (
red | 46 APM | 1371 actions | 30:02)
3 Archmage
2 Summon Water Elemental
1 Blizzard
1 Blood Mage
1 Flame Strike
» actions
| Assign group hotkey | 37 | |
| Basic commands | 2 | |
| Build / train | 72 | |
| Enter build submenu | 47 | |
| Enter hero's abilities submenu | 4 | |
| Give item / drop item | 1 | |
| Remove unit from queue | 8 | |
| Right click | 711 | |
| Select / deselect | 377 | |
| Select group hotkey | 50 | |
| Use ability | 62 | |
1371 total
» units
| Peasant | 18 | |
| Footman | 3 | |
| Rifleman | 16 | |
| Mortar Team | 10 | |
47 total
» upgrades
| Gunpowder | 2 | |
| Armor | 1 | |
| Fragmentation Shards | 0 | |
3 total
» buildings
| Altar of Kings | 3 | |
| Barracks | 2 | |
| Farm | 8 | |
| Lumber Mill | 3 | |
| Blacksmith | 2 | |
| Arcane Vault | 1 | |
| Keep | 1 | |
| Town Hall | 2 | |
| Workshop | 2 | |
| Castle | 1 | |
| Scout Tower | 14 | |
| Guard Tower | 4 | |
| Gryphon Aviary | 1 | |
| Cannon Tower | 3 | |
47 total
» build order
00:37 Altar of Kings
00:43 Barracks
00:45 Farm
01:25 Farm
01:37 Lumber Mill
01:43 Lumber Mill
01:57 Blacksmith
02:07 Blacksmith
02:15 Farm
03:27 Farm
03:44 Arcane Vault
04:50 Keep
05:54 Farm
06:47 Farm
08:17 Town Hall
09:39 Workshop
13:29 Castle
13:40 Farm
14:32 Farm
16:36 Scout Tower
17:07 Altar of Kings
17:18 Scout Tower
17:22 Scout Tower
17:47 Guard Tower
17:50 Guard Tower
17:53 Scout Tower
17:56 Scout Tower
17:59 Scout Tower
18:29 Guard Tower
19:03 Barracks
20:21 Scout Tower
20:26 Workshop
20:43 Scout Tower
20:49 Gryphon Aviary
20:52 Guard Tower
21:22 Cannon Tower
21:25 Scout Tower
21:39 Altar of Kings
21:53 Cannon Tower
23:31 Scout Tower
23:32 Scout Tower
23:36 Scout Tower
23:40 Scout Tower
23:42 Scout Tower
24:01 Cannon Tower
24:03 Cannon Tower
24:04 Cannon Tower
24:05 Cannon Tower
25:23 Lumber Mill
28:37 Town Hall
» items

»
Jaochim (
orange | 39 APM | 1633 actions | 41:22)
3 Death Knight
2 Death Coil
1 Unholy Aura
2 Lich
1 Frost Nova
1 Frost Armor
» actions
| Assign group hotkey | 28 | |
| Basic commands | 4 | |
| Build / train | 57 | |
| Enter build submenu | 18 | |
| Enter hero's abilities submenu | 5 | |
| Right click | 962 | |
| Select / deselect | 315 | |
| Select group hotkey | 164 | |
| Use ability | 80 | |
1633 total
» units
| Acolyte | 12 | |
| Ghoul | 2 | |
| Crypt Fiend | 13 | |
| Goblin Zeppelin | 1 | |
28 total
» upgrades
| Creature Attack | 2 | |
| Web | 1 | |
| Burrow | 1 | |
4 total
» buildings
| Crypt | 1 | |
| Graveyard | 1 | |
| Ziggurat | 7 | |
| Altar of Darkness | 1 | |
| Tomb of Relics | 1 | |
| Nerubian Tower | 3 | |
| Halls of the Dead | 1 | |
| Necropolis | 1 | |
| Black Citadel | 1 | |
| Sacrificial Pit | 1 | |
| Spirit Tower | 3 | |
21 total
» build order
00:31 Crypt
00:41 Graveyard
00:49 Ziggurat
01:21 Altar of Darkness
01:48 Tomb of Relics
02:02 Ziggurat
02:10 Nerubian Tower
04:01 Ziggurat
05:44 Halls of the Dead
06:34 Necropolis
06:47 Ziggurat
08:51 Black Citadel
08:59 Sacrificial Pit
09:14 Ziggurat
10:53 Spirit Tower
10:55 Nerubian Tower
10:57 Spirit Tower
14:28 Ziggurat
14:31 Ziggurat
17:52 Spirit Tower
18:02 Nerubian Tower
» items
| Rod of Necromancy | 3 | |
| Sacrificial Skull | 1 | |
| Circlet of Nobility | 1 | |
| Potion of Healing | 1 | |
| Scroll of Town Portal | 3 | |
| Orb of Corruption | 1 | |
10 total
Ghoulish (
teal | 50 APM | 2086 actions | 41:22)
7 Archmage
3 Summon Water Elemental
3 Brilliance Aura
1 Mass Teleport
» actions
| Assign group hotkey | 108 | |
| Basic commands | 209 | |
| Build / train | 88 | |
| Enter build submenu | 56 | |
| Enter hero's abilities submenu | 7 | |
| Give item / drop item | 4 | |
| Right click | 701 | |
| Select / deselect | 514 | |
| Select group hotkey | 238 | |
| Use ability | 161 | |
2086 total
» units
| Peasant | 12 | |
| Footman | 4 | |
| Goblin Shredder | 1 | |
| Goblin Zeppelin | 1 | |
| Gryphon Rider | 8 | |
| Green Dragon | 3 | |
| Dragonhawk Rider | 1 | |
30 total
» upgrades
| Lumber Harvesting | 1 | |
| Storm Hammers | 1 | |
| Swords | 3 | |
| Armor | 4 | |
| Animal War Training | 1 | |
| Cloud | 1 | |
| Masonry | 3 | |
14 total
» buildings
| Altar of Kings | 1 | |
| Barracks | 1 | |
| Farm | 9 | |
| Lumber Mill | 2 | |
| Keep | 1 | |
| Town Hall | 2 | |
| Arcane Vault | 2 | |
| Castle | 1 | |
| Scout Tower | 60 | |
| Gryphon Aviary | 3 | |
| Blacksmith | 2 | |
| Arcane Tower | 1 | |
| Guard Tower | 17 | |
102 total
» build order
00:52 Altar of Kings
00:54 Barracks
01:00 Farm
01:09 Farm
01:27 Farm
01:38 Farm
03:20 Lumber Mill
03:54 Keep
04:23 Town Hall
05:04 Arcane Vault
06:20 Castle
07:12 Scout Tower
07:14 Scout Tower
07:16 Scout Tower
07:17 Scout Tower
07:38 Gryphon Aviary
07:41 Gryphon Aviary
07:43 Gryphon Aviary
07:58 Farm
08:01 Blacksmith
08:23 Blacksmith
12:05 Farm
15:38 Farm
15:38 Farm
15:42 Scout Tower
15:43 Scout Tower
15:44 Scout Tower
16:21 Arcane Tower
16:23 Guard Tower
17:45 Lumber Mill
18:13 Scout Tower
18:13 Scout Tower
18:14 Scout Tower
18:14 Scout Tower
18:16 Scout Tower
18:17 Scout Tower
18:17 Scout Tower
18:17 Scout Tower
18:24 Guard Tower
18:58 Guard Tower
20:01 Guard Tower
20:15 Scout Tower
20:16 Scout Tower
20:16 Scout Tower
20:18 Scout Tower
20:18 Scout Tower
20:19 Scout Tower
20:20 Scout Tower
20:20 Scout Tower
20:21 Scout Tower
20:22 Scout Tower
20:22 Scout Tower
20:23 Scout Tower
21:05 Guard Tower
21:17 Guard Tower
21:44 Guard Tower
22:11 Guard Tower
22:15 Scout Tower
22:15 Scout Tower
22:16 Scout Tower
22:17 Scout Tower
22:17 Scout Tower
22:18 Scout Tower
22:19 Scout Tower
22:20 Scout Tower
22:20 Scout Tower
22:22 Scout Tower
22:22 Scout Tower
22:24 Scout Tower
22:33 Scout Tower
22:34 Scout Tower
22:35 Scout Tower
22:36 Scout Tower
22:37 Scout Tower
22:51 Guard Tower
23:26 Guard Tower
24:07 Guard Tower
25:08 Town Hall
25:13 Scout Tower
25:13 Scout Tower
25:13 Scout Tower
25:14 Scout Tower
25:14 Scout Tower
25:15 Scout Tower
25:43 Scout Tower
25:44 Scout Tower
25:44 Scout Tower
25:44 Scout Tower
25:45 Scout Tower
25:47 Arcane Vault
25:48 Scout Tower
25:48 Scout Tower
25:49 Scout Tower
25:49 Scout Tower
25:50 Scout Tower
25:53 Guard Tower
26:51 Guard Tower
26:52 Guard Tower
26:54 Guard Tower
28:10 Guard Tower
32:55 Guard Tower
» items
| Healing Salve | 1 | |
| Scroll of Town Portal | 3 | |
| Scroll of Regeneration | 3 | |
| Mechanical Critter | 6 | |
| Periapt of Vitality | 1 | |
| Potion of Healing | 1 | |
| Staff of Sanctuary | 1 | |
16 total
WAR-AND-PEACE. (
green | 49 APM | 2013 actions | 41:22)
6 Far Seer
2 Feral Spirit
3 Chain Lighting
1 Earth Quake
» actions
| Assign group hotkey | 73 | |
| Basic commands | 107 | |
| Build / train | 67 | |
| Enter build submenu | 15 | |
| Enter hero's abilities submenu | 6 | |
| Give item / drop item | 4 | |
| Right click | 759 | |
| Select / deselect | 295 | |
| Select group hotkey | 616 | |
| Use ability | 71 | |
2013 total
» units
| Peon | 13 | |
| Grunt | 3 | |
| Troll Batrider | 11 | |
| Goblin Shredder | 1 | |
| Wind Rider | 2 | |
| Goblin Sapper | 6 | |
| Raider | 3 | |
39 total
» upgrades
| Ranged Weapons | 2 | |
| Liquid Fire | 1 | |
| Ensnare | 1 | |
| Reinforced Defenses | 1 | |
| Armor | 2 | |
| Envenomed Spears | 1 | |
| Melee Weapons | 1 | |
9 total
» buildings
| Altar of Storms | 1 | |
| Orc Burrow | 6 | |
| Barracks | 1 | |
| Voodoo Lounge | 1 | |
| Stronghold | 3 | |
| War Mill | 1 | |
| Beastiary | 3 | |
| Fortress | 2 | |
| Watch Tower | 4 | |
| Great Hall | 1 | |
23 total
» build order
00:08 Altar of Storms
00:18 Orc Burrow
00:37 Barracks
01:24 Orc Burrow
01:56 Voodoo Lounge
02:53 Stronghold
02:54 Stronghold
02:54 Stronghold
03:11 Orc Burrow
03:53 War Mill
04:33 Orc Burrow
05:20 Beastiary
05:21 Beastiary
05:27 Fortress
05:27 Fortress
09:47 Watch Tower
09:47 Watch Tower
11:24 Watch Tower
11:24 Watch Tower
15:57 Great Hall
16:22 Beastiary
16:44 Orc Burrow
16:45 Orc Burrow
» items
| Healing Salve | 2 | |
| Orb of Lightning | 1 | |
| Tiny Great Hall | 1 | |
| Scroll of Town Portal | 1 | |
| Staff of Teleportation | 1 | |
6 total
Chat log
(00:06 / All) bmanguru: drake is in this game
(00:15 / All) bmanguru: red are you really drake?
(00:19 / All) champagnepapi: yeah im in this bihhh
(00:23 / 7) Ghoulish: I can't whisper
(00:31 / 7) Ghoulish: bot inside
(00:34 / Allies) bmanguru: send what?
(00:36 / 8) teamthree: k
(00:38 / 8) teamthree: where's jake
(00:40 / 8) teamthree: k
(00:41 / 8) teamthree: good
(00:41 / Allies) sendit: it
(00:43 / Allies) sendit: bro
(00:45 / Allies) sendit: just gunna send it
(01:39 / 8) teamthree: hope this human fag boy near me doesnt steal expo
(01:53 / 7) Ghoulish: jake wants to steal mine
(02:10 / 8) teamthree: we knew he was gay but not sure this hu near me is yet
(03:53 / Allies) bmanguru: yellow thats' so wrong
(03:59 / Allies) bmanguru: lol
(04:34 / 7) Ghoulish: let us creep between us
(04:43 / 8) teamthree: k
(05:13 / 8) teamthree: purp mid right hu expo just started
(05:43 / Allies) Suikoden_2: sjud ii mass tanks?
(05:47 / Allies) sendit: yeah
(05:50 / Allies) sendit: fuk it
(05:56 / Allies) teamthree: no you shouldn't
(06:01 / Allies) teamthree: go something else
(06:03 / Allies) teamthree: tanks suck
(06:11 / Allies) bmanguru: they own air and buildings
(06:16 / 8) teamthree: purp is going to mass tanks
(06:19 / Allies) bmanguru: he expanded there
(06:37 / All) Ghoulish: nigger
(06:41 / Allies) Suikoden_2: wood plz
(06:44 / 7) Ghoulish: went back to check to see if protect scroll
(06:45 / 7) Ghoulish: was up
(06:56 / Allies) Suikoden_2: blue wood me
(07:02 / Allies) teamthree: I'm good ty
(07:10 / Allies) Suikoden_2: gimme wood
(07:11 / Allies) teamthree: saving mine to spend it
(07:12 / Allies) teamthree: nah
(07:14 / Allies) teamthree: get your own
(07:20 / Allies) Suikoden_2: u have 800
(07:27 / Allies) teamthree: and I am going to spend it
(07:36 / Allies) teamthree: see now I have 300
(07:43 / Allies) teamthree: 48
(07:44 / Allies) Suikoden_2: smh
(07:50 / Allies) teamthree: I was saving it to spend it retard
(08:05 / Allies) sendit: why run
(08:06 / Allies) sendit: get back
(08:14 / Allies) bmanguru: due you lost all your units
(08:15 / Allies) bmanguru: omw bac
(08:44 / Allies) Suikoden_2: tanks on he way
(08:49 / 8) teamthree: purps tanks started
(09:21 / Allies) bmanguru: suikoden 2 best rpg evar
(10:02 / 7) Ghoulish: dont need
(10:13 / Allies) teamthree: noob
(10:17 / Allies) teamthree: fucking tank scrub
(10:42 / All) WAR-AND-PEACE.: lawl
(10:44 / All) WAR-AND-PEACE.: good job purp
(10:53 / All) Ghoulish: lawl
(11:00 / All) teamthree: purp got raped lmfao
(11:11 / Allies) Suikoden_2: fuck sakes
(11:13 / Allies) Suikoden_2: dont help blue
(11:14 / Allies) teamthree: noob LOL
(11:20 / 8) teamthree: inc tanks to bot left
(12:16 / Allies) teamthree: scrub alert
(12:37 / Allies) Suikoden_2: thx for the help
(12:42 / All) Ghoulish: I was gonna type wait
(12:45 / All) Ghoulish: for water ele to tank a bit
(12:46 / Allies) teamthree: scrub alert
(12:48 / Allies) teamthree: noobie
(12:49 / Allies) teamthree: lol
(12:58 / Allies) Suikoden_2: dude u have 4 units
(13:04 / Allies) teamthree: and you have 0
(13:05 / All) WAR-AND-PEACE.: suikoden 3 > 2
(13:07 / All) Ghoulish: thanks for the exp bro
(13:07 / Allies) teamthree: your point?
(13:10 / All) Ghoulish: you shouldn't have
(13:19 / Allies) bmanguru: own his main
(13:20 / Allies) bmanguru: fast
(13:30 / Allies) teamthree: he's a scrub
(13:31 / Allies) teamthree: he wont get it
(13:37 / All) Ghoulish: heh
(13:55 / Allies) Suikoden_2: \4 grand and 4 units
(13:57 / Allies) Suikoden_2: scrub
(14:00 / Allies) Suikoden_2: just fucken shit
(14:02 / Allies) teamthree: and you have nothing
(14:04 / All) Ghoulish: lumber
(14:04 / Allies) teamthree: jealous?
(14:10 / Allies) Suikoden_2: not rll
(14:24 / 7) Ghoulish: rod take the expo between us
(14:24 / Allies) teamthree: you wish you had as much as I do
(14:27 / 8) teamthree: k
(14:27 / Allies) Suikoden_2: if u were in my shoes id be helpin but u stood there like a drug store indian
(14:39 / Allies) sendit: ty
(14:52 / Allies) bmanguru: so it is gg lol
(14:54 / Allies) teamthree: i liked seeing you die
(14:56 / Allies) teamthree: cuz you suck
(14:58 / Allies) teamthree: was very good sir
(15:03 / Allies) teamthree: very nice to see u die sir
(15:07 / Allies) Suikoden_2: callen me sir eh
(15:11 / Allies) Suikoden_2: u suck a lot of dick?
(15:16 / Allies) teamthree: india very good nation
(15:19 / Allies) teamthree: i am india
(15:26 / All) Ghoulish: jerk
(15:35 / Allies) Suikoden_2: i feel sorry for u
(15:42 / Allies) teamthree: very good very good
(15:48 / Allies) teamthree: i don't feel sorry for u u are bad at wc
(16:05 / All) WAR-AND-PEACE.: oh shit purple lives
(16:35 / Allies) teamthree: your base is being used by a superior player lol
(16:40 / Allies) Suikoden_2: yellow
(16:42 / Allies) Suikoden_2: rebuild
(16:50 / Allies) teamthree: superior orc using ur human base
(16:59 / Allies) teamthree: purp do u like being cucked by orc?
(17:02 / Allies) Suikoden_2: not superior
(17:09 / Allies) Suikoden_2: brain injury
(17:12 / Allies) teamthree: absolute superior
(17:15 / Allies) teamthree: what units do you have
(17:18 / Allies) Suikoden_2: disabled
(17:20 / All) Ghoulish: raped
(17:22 / Allies) Suikoden_2: rocken disability
(17:22 / Allies) teamthree: I have buildings and units, you have neither
(17:24 / All) bmanguru: eh whatever
(17:25 / All) Ghoulish: like that surprise sex?
(17:26 / All) bmanguru: gg dudes
(17:29 / All) Suikoden_2: blues not playen
(17:32 / Allies) teamthree: you were disabled by orc
(17:36 / All) Suikoden_2: 6k
(17:39 / All) Suikoden_2: 4v3
(17:41 / All) teamthree: purp sucks
(17:43 / All) teamthree: gg my allies suck
(17:51 / All) teamthree: noob allies
(17:53 / All) Ghoulish: kiss the ring bitch
(18:53 / Allies) teamthree: noob
(18:59 / Allies) teamthree: do you do anything but make fiends?
(19:01 / Allies) sendit: lol
(19:01 / Allies) teamthree: learn a new strategy
(19:08 / Allies) teamthree: how long you been playing this game?
(19:14 / All) Ghoulish: orange will you issue an apology?
(19:20 / All) Ghoulish: for saying I wasn't a team player?
(19:27 / All) Ghoulish: I got them both to tp and saved you guys
(19:28 / Allies) teamthree: so many years and this is all you can do, you are just pathetic yellow
(19:32 / All) Ghoulish: issue an apology or I sit in my base
(19:38 / All) teamthree: yellow is a noob
(19:43 / All) Ghoulish: I shall not move until I am given an apology
(19:58 / All) WAR-AND-PEACE.: i personally dont care if oj dies
(19:59 / All) WAR-AND-PEACE.: oj is nub
(20:06 / All) WAR-AND-PEACE.: oj is acting like a lil kid
(20:10 / All) Ghoulish: but words will never harm me
(20:22 / Allies) teamthree: stop using my shit noob
(20:56 / Allies) teamthree: see i raped oranges units
(20:59 / Allies) teamthree: you wish youcould play like me
(21:19 / Allies) teamthree: want lessons after yellow?
(21:23 / Allies) teamthree: I only charge $10/hr
(21:34 / Allies) sendit: lol
(21:43 / Allies) teamthree: you can improve your piss poor record with my training
(21:48 / Allies) teamthree: learn to play
(22:09 / Allies) teamthree: stop using my units
(23:10 / All) WAR-AND-PEACE.: orange just apologize
(23:18 / All) WAR-AND-PEACE.: let go of your pride and apologize
(23:31 / All) teamthree: yellow should apologise too
(23:34 / All) teamthree: for even being on my team
(23:36 / All) teamthree: he's so bad
(23:55 / 7) Ghoulish: tell jake to make towers at his expo
(24:12 / Allies) teamthree: yellow, apologise right now or I kill you
(24:17 / 7) Ghoulish: and base
(24:19 / Allies) teamthree: apologise for the insult of being on my team
(24:22 / Allies) sendit: sorry
(24:27 / Allies) teamthree: good boy
(25:22 / All) teamthree: Purp is whispering me lol
(25:25 / All) teamthree: but he's a soft little bitch
(25:32 / All) teamthree: he's on dnd so he can talk shit, he can't take it
(25:54 / All) WAR-AND-PEACE.: woot got quake
(26:24 / 7) Ghoulish: yellow still has his forces? let him break himself on my tower
(26:47 / 7) Ghoulish: I want him to try my towers
(26:56 / 8) teamthree: he's a fiend bot lol
(26:59 / Allies) teamthree: mass fiends every game
(27:06 / 8) teamthree: mass fiends every game
(27:13 / Allies) sendit: nah
(27:14 / Allies) sendit: bro
(27:25 / Allies) teamthree: yes bro
(27:27 / Allies) teamthree: you're like an AI
(27:32 / Allies) teamthree: computer (easy) translated into 4v4
(27:36 / Allies) teamthree: and all u do is one build
(28:46 / Allies) sendit: i gotta go
(28:47 / Allies) teamthree: noob
(28:52 / Allies) teamthree: running around with your spiders doing nothing
(29:00 / Allies) teamthree: leave and give a better player ur spiders
(29:02 / Allies) sendit: take em bro
(29:13 / All) teamthree: yellow said he had to go
(29:20 / All) champagnepapi: suuure
(29:31 / All) champagnepapi: just quit
(29:41 / All) champagnepapi: why u quaking green?
(29:43 / All) teamthree: why don't you, I win
(29:51 / All) teamthree: You quit, you're a loser and I'm a winner
(30:02 / All) Jaochim: lol my point has been proven further
(30:10 / All) teamthree: what point
(30:20 / All) Jaochim: 12 year olds shouldnt play this game
(30:21 / All) teamthree: get out and give me my win, loser
(30:27 / All) teamthree: then what are you doing here?
(30:31 / All) Jaochim: teal needs a time out
(30:42 / All) Ghoulish: I will not suffer fools gladly!
(30:59 / All) Ghoulish: Orange insulted my honor, paid me not proper respect, and started to sabotage our war effort
(31:12 / All) Ghoulish: To add insult to injury he also steadfastly refuses to declare an apology towards me
(31:23 / All) Ghoulish: In all my years of gaming, I have never met such a stubborn fool !
(31:30 / All) teamthree: what an idiot
(31:34 / All) Jaochim: in other worlds 12 doesnt have the emotional fortitude to play a simple game
(31:50 / All) Ghoulish: That's rich coming from you, pal
(31:53 / All) Ghoulish: Rather rich!
(32:27 / All) Ghoulish: This petulant child started to team kill me simply because I rebuked his poor gamesmanship
(32:32 / All) Ghoulish: Really remarkable
(32:41 / All) teamthree: orange leave, give me my win
(32:48 / All) teamthree: I earned this
(32:57 / All) Jaochim: you didnt earn shit
(33:04 / All) teamthree: yes I did, you're a sore loser
(33:28 / All) Jaochim: i would really rather teal get the L for this so nah im not sore loser
(33:39 / All) teamthree: then leave
(33:44 / All) teamthree: and stop wasting my time, newb
(33:46 / All) Ghoulish: I believe that orange is from Brazil
(33:50 / All) Ghoulish: They have no manners there
(33:54 / All) Jaochim: you are the one wasting time
(34:03 / All) Ghoulish: Where the average IQ is below that of the average American Negro
(34:38 / All) Jaochim: i remember when i was in 7th grade and kids thought it was cool to be racist
(35:12 / All) Ghoulish: Facts are racist? Come now, it is merely a statement of truth that Brazil is full of subhuman monkey people
(35:13 / All) Jaochim: and blue if you earned it why dont you attack? you know like actually earn it
(35:23 / All) teamthree: I earned this
(35:27 / All) teamthree: and I know it
(35:30 / All) Jaochim: then prove it
(35:31 / All) teamthree: don't care what you think
(35:36 / 7) Ghoulish: finish up red base
(35:39 / All) Jaochim: id love to see you kill teal
(35:42 / 8) teamthree: don't have units
(36:03 / All) Jaochim: hes too scared to fight you
(36:08 / All) Jaochim: bring the fight to him
(37:07 / All) Jaochim: ok im gonna walk away now.... hopefully you guys get this sorted out and you dont have to wait until teals done killing himself
(37:49 / 7) Ghoulish: is that why yellow left
(37:56 / 8) teamthree: he said he had to go
(38:03 / 7) Ghoulish: oh what happened to ur units ?
(38:10 / 8) teamthree: I just have a couple rifles and gryphons
(39:51 / All) Ghoulish: will your stubborn pride still prevent you from issuing an apology? One that I definitely deserve?
(40:15 / All) Ghoulish: I give you 20 seconds to declare yourself sorry for the way you have carried yourself
(40:22 / All) Ghoulish: Or I will end the game, delivering you a loss!
(40:25 / All) Ghoulish: 19
(40:27 / All) Ghoulish: 18
(40:28 / All) Ghoulish: 17
(40:30 / All) Ghoulish: 16
(40:31 / All) Ghoulish: 15
(40:32 / All) Ghoulish: 14
(40:34 / All) Ghoulish: 13
(40:37 / All) Ghoulish: 12
(40:38 / All) Ghoulish: 11
(40:39 / All) Ghoulish: 10
(40:40 / All) Ghoulish: 9
(40:41 / All) Ghoulish: 8
(40:43 / All) Ghoulish: 7
(40:44 / All) Jaochim: blue there is on sawmill lleft bottom left of the map teal is waiting for me to apologize but you can just kill it yourself
(40:45 / All) Ghoulish: 5
(40:46 / All) Ghoulish: 4
(40:47 / All) Ghoulish: 3
(40:48 / All) Ghoulish: 2
(40:50 / All) Ghoulish: 1
(40:55 / All) teamthree: no im good ty
(40:58 / All) Ghoulish: Very well then, be that way you ignorant fool!
(41:15 / All) Ghoulish: I do not suffer fools gladly, you have surely earned this loss you despicable traitor!